 Dungeon Crawl Stone Soup version 0.29.1-15-g9cfb28693d (webtiles) character file.

Game seed: 17016509143111405259

84 Hugehornet the Poker (level 4, 0/35 HPs)
             Began as a Formicid Fighter on Apr 2, 2023.
             Slain by a goblin
             ... wielding a +0 club
             ... led by Robin
              (1 damage)
             ... on level 3 of the Dungeon.
             The game lasted 00:04:21 (2098 turns).

Hugehornet the Poker (Formicid Fighter)             Turns: 2098, Time: 00:04:21

Health: 0/35       AC:  6    Str: 20    XL:     4   Next: 74%
Magic:  4/4        EV:  9    Int: 10    God:
Gold:   118        SH:  5    Dex: 13    Spells: 3/3 levels left

rFire   . . .      SeeInvis +   j - +1 dagger (elec)
rCold   . . .      Faith    .   c - +0 buckler
rNeg    . . .      Spirit   .   b - +0 scale mail
rPois   .          Reflect  .   (helmet unavailable)
rElec   .          Harm     .   (no cloak)
rCorr   .          Rampage  .   (no gloves)
Will    .....                   (no boots)
Stlth   ..........              (no amulet)
HPRegen 0.11/turn               (no ring)
MPRegen 0.09/turn               (no ring)

@: brilliant, attractive
A: permanent stasis, dig shafts and tunnels, antennae 3, four strong arms
a: Dig, Shaft Self


You were on level 3 of the Dungeon.
You visited 1 branch of the dungeon, and saw 3 of its levels.

You collected 118 gold pieces.

Inventory:

Hand Weapons
 a - a +0 trident
 j - a +1 dagger of electrocution (weapon)
 p - a +1 dagger of venom
Armour
 b - a +0 scale mail (worn)
 c - a +0 buckler (worn)
 l - a +0 chain mail
Jewellery
 m - a ring of flight
Scrolls
 e - 4 scrolls of identify {unknown}
 g - a scroll of torment {unknown}
 h - a scroll of butterflies {unknown}
Potions
 d - a potion of might
 f - a potion of degeneration {unknown}
 i - a potion of brilliance
 k - a potion of attraction
 n - a potion of haste {unknown}
 o - a potion of curing {unknown}


   Skills:
 - Level 3.2 Fighting
 + Level 4.5 Polearms
 - Level 3.2 Armour
 - Level 4.0 Shields


You had 3 spell levels left.
You didn't know any spells.
Your spell library contained the following spells:

 Spells                   Type           Power      Damage    Failure   Level
 Sublimation of Blood     Necr           0%         N/A       89%         2
 Wereblood                Tmut           0%         N/A       89%         2
 Confusing Touch          Hex            0%         N/A       98%         3
 Ignite Poison            Fire/Tmut/Pois 0%         N/A       98%         3
 Mephitic Cloud           Conj/Pois/Air  0%         N/A       98%         3
 Freezing Cloud           Conj/Ice/Air   0%         6-21      100%        5
 Yara's Violent Unravell  Hex/Tmut       0%         3d3       100%        5
 Enfeeble                 Hex            0%         N/A       100%        7
 Summon Hydra             Summ           0%         N/A       100%        7


Dungeon Overview and Level Annotations

Branches:
Dungeon (3/15)

Altars:
Fedhas

Shops:
D:1 *

Annotations:
D:3 Robin


Innate Abilities, Weirdness & Mutations

You cannot be hasted, slowed, berserked, paralysed or teleported.
You can dig through walls and to a lower floor.
You have a pair of large antennae on your head. (SInv)
Your four strong arms can wield two-handed weapons with a shield.


Message History

Items here: ))))) ††.
You hit the goblin. Lightning courses through the goblin!
You kill the goblin!
The goblin closely misses you. The goblin hits you but does no damage.
Robin throws the goblin at you!
* * * LOW HITPOINT WARNING * * *
You see here a +0 dagger.
You closely miss the goblin.
The goblin unwields a +0 sling.
The goblin wields a +0 club.
The goblin closely misses you. The goblin hits you but does no damage.
You hit the goblin.
The goblin is moderately wounded.
The goblin hits you with a +0 club.
* * * LOW HITPOINT WARNING * * *
The goblin barely misses you.
You barely miss the goblin.
The goblin is moderately wounded.
The goblin no longer looks unusually strong.
The goblin completely misses you. The goblin closely misses you.
You closely miss the goblin.
The goblin is moderately wounded.
The goblin hits you with a +0 club.
* * * LOW HITPOINT WARNING * * *
The goblin hits you but does no damage.
You hit the goblin.
You kill the goblin!
The goblin hits you but does no damage. Robin throws the goblin at you!
You miss the goblin. The goblin hits you with a +0 club.
* * * LOW HITPOINT WARNING * * *
The goblin hits you with a +0 dagger.
* * * LOW HITPOINT WARNING * * *
It was a potion of brilliance.
You feel clever all of a sudden. The goblin completely misses you.
You block the goblin's attack.
Robin roars a battlecry!
The goblin goes into a battle-frenzy!
It was a potion of attraction.
You feel attractive to monsters. The goblin hits you with a +0 club.
You die...

#.# #.# #.#
#.# #.# #.# .
#.# ...
#<#######.....
#..g@gggg...#
########....#
#.)# .#


You could see Robin, a hobgoblin (strong) and 3 goblins.

Vanquished Creatures
  A gnoll (D:1)
  An adder (D:2)
  2 worms (D:2)
  A dart slug (D:1)
  3 orcs (D:2)
  2 ball pythons
  7 endoplasms
  A giant cockroach (D:2)
  14 goblins
  4 hobgoblins
  2 quokkas (D:2)
  2 bats (D:1)
  4 frilled lizards
  4 kobolds (D:1)
  4 rats
52 creatures vanquished.

Notes
Turn   | Place    | Note
-------+----------+-------------------------------------------
     0 | D:1      | Hugehornet the Formicid Fighter began the quest for the
                  | Orb.
     0 | D:1      | Reached XP level 1. HP: 18/18 MP: 1/1
   218 | D:1      | Reached XP level 2. HP: 24/24 MP: 2/2
   389 | D:1      | Reached XP level 3. HP: 29/29 MP: 3/3
   391 | D:1      | Found Reesuh's General Store.
   612 | D:1      | Found a faded altar of an unknown god.
  1011 | D:2      | Found a blossoming altar of Fedhas.
  1284 | D:2      | Reached XP level 4. HP: 35/35 MP: 4/4
  2070 | D:3      | Noticed Robin
  2096 | D:3      | HP: 1/35 [goblin/+0 dagger[Robin] (2)]
  2098 | D:3      | Slain by a goblin

Illustrated notes

Levels and vault maps discovered:
D:1:      dpeg_arrival_rooms_b, layout_basic, serial_shops, shop,
          hellmonk_ecumenical_altar_slurped_away, minmay_nonomino_d4
D:2:      layout_basic, serial_glass, glass_columns_a, glass_columns_a,
          basic_altar
D:3:      layout_loops_ring, nicolae_wu_jian_immortal_techniques,
          nemelex_diamond_rough_becter, dancing_weapons_uskayaw,
          portal_sewer_entry_d, columned_hall_lemuel, uniq_robin

Skill      XL: |  1  2  3 |
---------------+----------+-----
Polearms       | 3 4 |  4.5
Fighting       | |  3.2
Armour         | |  3.2
Shields        | |  4.0

Action                   |  1- 3 |  4- 6 || total
-------------------------+-------+-------++-------
Melee: Trident           |    41 |       ||    41
       Dagger            |    53 |    69 ||   122
  Use: Potion            |       |     2 ||     2
Armor: Scale mail        |    19 |    22 ||    41
Dodge: Dodged            |    30 |    27 ||    57
Block: Buckler           |    13 |    10 ||    23
